 Dungeon Crawl Stone Soup version 0.31.0-32-g396128a36d (webtiles) character file.

Game seed: 17258396658660500239

324576 Gabide the Worldbinder (level 19, -9/170 HPs)
             Began as a Demigod Summoner on Apr 19, 2024.
             Mangled by a +3 trident of venom (11 damage)
             ... on level 2 of the Elven Halls on Apr 20, 2024.
             The game lasted 03:54:46 (62472 turns).

Gabide the Worldbinder (Demigod Summoner)          Turns: 62472, Time: 03:54:46

Health: -9/170     AC: 14    Str:  9    XL:     19   Next: 91%
Magic:  0/47       EV: 19    Int: 61    God:
Gold:   1305       SH:  0    Dex: 16    Spells: 4/55 levels left

rFire   + . .        a - +5 rapier "Xer Woph" {spect, Int+6 Dex+2}
rCold   . . .        (no shield)
rNeg    . . .        U - +1 robe of the Slorg {Rampage rF+ Int+2}
rPois   .            X - +2 hat {Will+}
rElec   .            n - +2 cloak
rCorr   .            x - +2 pair of gloves
SInv    .            A - +2 pair of boots
Will    ++...        t - amulet of regeneration
Stlth   ++           l - +6 ring of intelligence
HPRegen 1.28/turn    R - +6 ring of intelligence
MPRegen 0.30/turn

%: rampage
@: calling dragons, very slightly contaminated, invisible
A: high MP 1, forlorn, divine attributes, talons 1, screaming 1, wild magic 1
}: 2/15 runes: serpentine, barnacled
a: no special abilities


You were on level 2 of the Elven Halls.
You visited 7 branches of the dungeon, and saw 37 of its levels.
You visited 1 bazaar.

You collected 4040 gold pieces.
You spent 2735 gold pieces at shops.

Inventory:

Hand Weapons
 a - the +5 rapier "Xer Woph" (weapon) {spect, Int+6 Dex+2}
   (You found it on level 4 of the Lair of Beasts)

   Int+6:     It affects your intelligence (+6).
   Dex+2:     It affects your dexterity (+2).
 K - a +5 trident
Missiles
 k - 9 curare-tipped darts
 D - 8 throwing nets
Armour
 i - an orb of mayhem
 n - a +2 cloak (worn)
 x - a +2 pair of gloves (worn)
 A - a +2 pair of boots (worn)
 B - the +0 hat "Lekhla" {Rampage Fly rElec Stlth-}
   (You found it on level 4 of the Vaults)

   rElec:     It insulates you from electricity.
   Fly:       It grants you flight.
   Rampage:   It bestows one free step when moving towards enemies.
   Stlth-:    It makes you less stealthy.
 I - a +2 robe of willpower
 U - the +1 robe of the Slorg (worn) {Rampage rF+ Int+2}
   (You found it on level 4 of the Vaults)

   Int+2:     It affects your intelligence (+2).
   rF+:       It protects you from fire.
   Rampage:   It bestows one free step when moving towards enemies.
 X - a +2 hat of willpower (worn)
Jewellery
 f - a ring of protection from fire
 l - a +6 ring of intelligence (left hand)
 t - an amulet of regeneration (around neck)
 u - a ring of flight
 w - a ring of positive energy
 E - a ring of magical power
 F - a ring of ice
 G - a ring of willpower
 Q - a ring of wizardry
 R - a +6 ring of intelligence (right hand)
Wands
 y - a wand of paralysis (9)
 J - a wand of acid (8)
 P - a wand of digging (8)
 W - a wand of roots (8)
Scrolls
 h - 4 scrolls of fog
 j - 2 scrolls of butterflies
 o - 4 scrolls of teleportation
 r - 2 scrolls of blinking
 v - 2 scrolls of enchant weapon
 L - 4 scrolls of revelation
 M - 4 scrolls of immolation
 N - 3 scrolls of fear
 O - 2 scrolls of enchant armour
 S - 20 scrolls of identify
 V - 2 scrolls of amnesia
 Y - a scroll of brand weapon
Potions
 b - a potion of ambrosia
 c - 2 potions of lignification
 d - 2 potions of curing
 e - 7 potions of haste
 g - a potion of berserk rage
 p - 5 potions of brilliance
 q - 6 potions of enlightenment
 s - 3 potions of mutation
 z - 2 potions of might
 C - 2 potions of invisibility
 T - a potion of heal wounds
Miscellaneous
 H - a phial of floods
 Z - a lightning rod (4/4)


   Skills:
 + Level 15.5 Fighting
 + Level 12.7 Dodging
 - Level 3.0 Stealth
 * Level 18.8 Spellcasting
 * Level 21.7 Summonings


You had 4 spell levels left.
You knew the following spells:

 Your Spells              Type           Power      Damage    Failure   Level
a - Summon Small Mammal   Summ           100%       N/A       1%          1
b - Call Imp              Summ           100%       N/A       1%          2
c - Call Canine Familiar  Summ           100%       N/A       1%          3
d - Summon Blazeheart Go  Fire/Summ      100%       N/A       1%          4
e - Summon Lightning Spi  Summ/Air       100%       N/A       1%          4
f - Martyr's Knell        Necr/Summ      100%       N/A       1%          4
g - Summon Forest         Summ/Tloc      64%        N/A       1%          5
h - Summon Hydra          Summ           80%        N/A       1%          7
i - Haunt                 Necr/Summ      64%        N/A       3%          7
j - Dragon's Call         Summ           80%        N/A       4%          9
k - Yara's Violent Unrav  Hex/Alch       32%        3d13      8%          5

Your spell library contained the following spells:

 Spells                   Type           Power      Damage    Failure   Level
 Apportation              Tloc           100%       N/A       1%          1
 Necrotise                Necr           100%       1d9       1%          1
 Shock                    Conj/Air       100%       1d9       1%          1
 Slow                     Hex            100%       N/A       1%          1
 Sting                    Conj/Alch      100%       1d9       1%          1
 Cigotuvi's Dreadful Rot  Necr/Alch/Air  100%       N/A       1%          2
 Jinxbite                 Hex            100%       N/A       1%          2
 Static Discharge         Conj/Air       100%       3-8/arc   1%          2
 Confusing Touch          Hex            65%        N/A       1%          3
 Dazzling Flash           Conj/Hex       100%       N/A       1%          3
 Frozen Ramparts          Ice            100%       1d16      1%          3
 Sigil of Binding         Hex            65%        N/A       1%          3
 Swiftness                Air            65%        N/A       1%          3
 Tukima's Dance           Hex            65%        N/A       1%          3
 Vampiric Draining        Necr           65%        2d10      1%          3
 Volatile Blastmotes      Fire/Tloc      100%       2d18      1%          3
 Animate Armour           Summ/Erth      100%       N/A       1%          4
 Airstrike                Air            32%        2d(5-21)  3%          4
 Animate Dead             Necr           65%        N/A       3%          4
 Cause Fear               Hex            32%        N/A       3%          4
 Dimensional Bullseye     Hex/Tloc       32%        N/A       3%          4
 Dispel Undead            Necr           65%        3d22      3%          4
 Iskenderun's Mystic Bla  Conj/Tloc      65%        2d13      3%          4
 Leda's Liquefaction      Alch/Erth      32%        N/A       3%          4
 Petrify                  Alch/Erth      65%        N/A       3%          4
 Spellforged Servitor     Conj/Summ      64%        N/A       3%          7
 Fireball                 Conj/Fire      32%        3d14      8%          5
 Freezing Cloud           Conj/Ice/Air   32%        6-21      8%          5
 Irradiate                Conj/Alch      32%        3d22      8%          5
 Iskenderun's Battlesphe  Conj           65%        2d11      8%          5
 Lee's Rapid Deconstruct  Erth           32%        3d17*     8%          5
 Metabolic Englaciation   Hex/Ice        32%        N/A       8%          5
 Bombard                  Conj/Erth      32%        9d6       34%         6
 Conjure Ball Lightning   Conj/Air       32%        3x3d10    34%         6
 Death Channel            Necr           32%        N/A       34%         6
 Eringya's Noxious Bog    Alch           32%        4d6       34%         6
 Starburst                Conj/Fire      32%        6d10      34%         6
 Enfeeble                 Hex            32%        N/A       87%         7
 Orb of Destruction       Conj           32%        9d10      87%         7
 Infestation              Necr           32%        N/A       100%        8
 Maxwell's Capacitive Co  Air            32%        ∞         100%        8


Dungeon Overview and Level Annotations

Branches:
Dungeon (15/15)            Temple (0/1) D:4            Lair (5/5) D:8
 Shoals (4/4) Lair:3        Snake (4/4) Lair:2        Slime (0/5) Lair:4
    Orc (2/2) D:9             Elf (1/3) Orc:2        Vaults (5/5) D:14
  Crypt (0/3) Vaults:3     Depths (0/4) D:15

Shops:
D:13 ?*   Orc:2 *:[   Snake:2 [   Snake:3 ?=*   Snake:4 (   Vaults:1 !
Vaults:2 [

Annotations:
D:4 exclusion: door
D:14 3 runed translucent doors


Innate Abilities, Weirdness & Mutations

You have an increased reservoir of magic. (+10% MP)
You shall have no god before yourself.
Your divine heritage dramatically boosts your attributes as you level up.
You have sharp toenails.
You occasionally shout uncontrollably at your foes.
Your spells are a little harder to cast, but a little more powerful.


Message History

You fade into invisibility!
A dragon arrives to answer your call!
You feel very sick.
The +3 trident of venom hits you but does no damage.
You are more poisoned.
The +3 scimitar of protection hits you but does no damage.
The +4 halberd of freezing barely misses you.
Your golden dragon bites the +2 trident of flaming!
Your golden dragon claws the +2 trident of flaming!
Your golden dragon closely misses the +2 trident of flaming.
The +3 trident of venom hits you from afar!
* * * LOW HITPOINT WARNING * * *
You are more poisoned.
Send 'em back where they came from!
Your golden dragon shudders.
The deep elf pyromancer closely misses you.
Unknown command.
You feel better.
Your golden dragon disappears in a puff of smoke!
The +3 scimitar of protection misses you.
The +3 trident of venom misses you.
The +3 scimitar of protection completely misses you.
The +4 halberd of freezing hits you but does no damage.
The deep elf pyromancer closely misses you.
A dragon tries to answer your call, but you don't have enough magical power! x2
A deep elf knight comes into view. It is wielding a +0 shortbow.
The +3 trident of venom hits you but does no damage.
You are poisoned.
The +3 scimitar of protection hits you!
* * * LOW HITPOINT WARNING * * *
You feel better. A dragon arrives to answer your call!
A dragon tries to answer your call, but you don't have enough magical power!
The deep elf knight points at you and mumbles some strange words.
The shard of ice hits your quicksilver dragon!!
The +4 halberd of freezing hits you from afar!
* * * LOW HITPOINT WARNING * * *
The +4 halberd of freezing freezes you.
* * * LOW HITPOINT WARNING * * *
The +3 trident of venom hits you from afar!
You die...

#..#........#.....#...
...#......#.......#..
#...#....#.........#.
#...#..#.e.........#
#... #.D...........
##...##.............
##...#e(#...........#
#...#.(X.#.........#.
#@((.).#.......#..
#........#.....#...
#....).....#...#....
#............###.....
#........e...# ....
#............# ..
.#..........#.
#..#........#


You could see a nameless horror, 2 deep elf knights, a deep elf pyromancer
(unable to see you), 4 dancing weapons and a friendly quicksilver dragon
(summoned).

Vanquished Creatures
  A crystal guardian (Vaults:4)
  A great orb of eyes (Vaults:3)
  Fannar (D:10)
  Erolcha (D:9)
  An ogre mage (D:15)
  Harold (D:9)
  A catoblepas (D:15)
  2 centaur warriors
  2 death yaks (Lair:1)
  A death knight (D:12)
  A deep troll shaman (Lair:5)
  2 two-headed ogres (D:15)
  An orc high priest (Orc:2)
  A vampire mage (D:15)
  Amaemon (D:9)
  A skyshark (Shoals:1)
  A deep troll (Vaults:4)
  A storm dragon skeleton (D:15)
  An arcanist (D:13)
  A deep elf zephyrmancer (Elf:1)
  Pikel (D:4)
  A harpy (Vaults:4)
  2 ugly things
  A manticore (D:11)
  2 cyclopes
  5 elephants
  A torpor snail (Lair:1)
  A naga mage (Vaults:4)
  3 gargoyles
  A yaktaur (Vaults:4)
  A komodo dragon (Lair:1)
  An unseen horror (D:12)
  A rime drake (Lair:2)
  2 freezing wraiths (D:12)
  3 trolls
  2 hornets
  A dream sheep (Lair:5)
  2 shadows (D:11)
  Sigmund (D:3)
  A spriggan (shapeshifter) (D:14)
  2 basilisks (Lair:5)
  2 wraiths (D:12)
  24 yaks
  3 vampire mosquitoes
  A redback simulacrum (D:15)
  An acid dragon (D:8)
  A water moccasin (Lair:5)
  2 orc warriors (D:10)
  2 sky beasts (D:6)
  A black bear (D:8)
  An ogre (D:15)
  9 wolves
  2 centaurs
  2 phantoms
  4 bullfrogs
  A gnoll sergeant (D:13)
  A wight (D:10)
  4 killer bees
  A jelly (D:8)
  Ijyb (D:3)
  2 iguanas (D:5)
  An orc wizard (D:9)
  A nameless horror (D:9)
  2 gnolls
  An adder (D:5)
  A shadow imp (D:6)
  An ufetubus (D:5)
  A ribbon worm (D:4)
  13 orcs
  An endoplasm (D:4)
  A goblin (D:4)
  4 hobgoblins
  2 jackals (D:4)
  A quokka (D:2)
  A ball python (D:4)
  A bat (D:2)
  A kobold (D:2)
  A rat (D:2)
157 creatures vanquished.

Vanquished Creatures (collateral kills)
  Vashnia (Snake:1)
  Nikola (Snake:4)
  Asterion (Snake:3)
  A lich (Vaults:4)
  A sphinx (Vaults:4)
  A kraken (Shoals:4)
  Frances (Snake:2)
  3 tengu reavers
  8 nagarajas
  Aizul (Snake:2)
  A deep elf sorcerer (Elf:1)
  7 vault wardens
  Louise (D:15)
  8 ironbound preservers
  An ironbound thunderhulk (Vaults:1)
  4 formless jellyfish
  An orc warlord (Orc:2)
  Nessos (Lair:4)
  16 dire elephants
  4 war gargoyles
  6 merfolk impalers
  A crystal guardian (Vaults:4)
  A quicksilver dragon zombie (D:15)
  4 yaktaur captains
  A deep elf high priest (Elf:1)
  A fire dragon (D:14)
  6 vault guards
  13 great orbs of eyes
  A merfolk javelineer (Shoals:3)
  3 peacekeepers
  2 catoblepae
  5 anacondas
  5 merfolk aquamancers
  6 ironbound frosthearts
  3 hydras
  3 merfolk avatars
  Erica (Orc:1)
  7 alligator snapping turtles
  4 centaur warriors
  3 two-headed ogres
  A sphinx skeleton (Vaults:2)
  10 death yaks (Lair:5)
  A sphinx zombie (D:15)
  A deep troll earth mage (Vaults:4)
  22 naga warriors
  5 satyrs (Shoals:3)
  A tengu warrior (Shoals:3)
  11 dancing weapons
  16 naga sharpshooters
  6 orc high priests (Orc:2)
  3 shock serpents
  13 deep elf knights
  Sonja (Lair:2)
  An iron troll (Vaults:4)
  2 salamander mystics (Snake:4)
  19 sea snakes
  A swamp dragon (Snake:2)
  2 skeletal warriors (D:15)
  4 skysharks
  A glowing orange brain (Vaults:1)
  A goliath frog (Shoals:1)
  8 mana vipers
  8 arcanists
  5 deep elf archers (Elf:1)
  An elf zombie (Vaults:1)
  6 naga ritualists
  21 harpies
  22 deep trolls
  21 ironbound convokers
  17 deep elf pyromancers
  16 ugly things
  6 nameless horrors
  4 lindwurms
  3 necromancers
  5 orc sorcerers (Orc:2)
  10 deep elf zephyrmancers (Elf:1)
  3 orc knights
  6 cyclopes
  A cyclops (shapeshifter) (Vaults:1)
  17 elephants
  19 manticores
  3 meliai (D:14)
  9 merfolk sirens
  22 fauns
  21 salamanders
  3 guardian serpents
  A guardian serpent (shapeshifter) (Vaults:2)
  13 vault sentinels
  An orange demon (D:9)
  37 black mambas
  23 naga magi
  A torpor snail (Lair:5)
  21 cane toads
  6 water nymphs
  8 komodo dragons
  18 yaktaurs
  2 efreet
  2 rime drakes
  Psyche (D:9)
  2 trolls (Orc:2)
  2 yaktaur skeletons
  2 tengu conjurers
  23 merfolk
  3 polar bears
  3 hornets (Lair:3)
  A shadow dragon simulacrum (Vaults:2)
  3 wind drakes
  13 dream sheep
  13 snapping turtles
  An elf skeleton (Vaults:2)
  An air elemental (Elf:1)
  31 slime creatures
  12 spriggans (Lair:3)
  A wyvern (shapeshifter) (D:14)
  2 wyverns
  7 water elementals
  A shadow (D:8)
  A wraith (D:10)
  A fire elemental (Elf:1)
  2 basilisks
  35 yaks
  Grum (D:9)
  8 wargs (Orc:2)
  10 vampire mosquitoes
  A steam dragon (D:7)
  50 nagas
  An ogre zombie (Vaults:1)
  3 acid dragons
  A glowing shapeshifter skeleton (Vaults:1)
  14 water moccasins
  23 orc warriors
  2 black bears
  A black bear (shapeshifter) (D:15)
  An ice beast (D:7)
  A human zombie (Vaults:2)
  8 boggarts
  6 ogres
  18 wolves
  3 lemures
  2 phantoms
  20 bullfrogs
  An earth elemental (Elf:1)
  4 scorpions
  8 wights
  5 killer bees
  2 electric eels
  2 howler monkeys (D:12)
  A bombardier beetle (D:6)
  21 orc priests
  A hound (D:4)
  2 sleepcaps
  An iguana (D:7)
  20 orc wizards
  Robin (D:4)
  6 adders
  3 gnolls (D:13)
  A shadow imp (D:6)
  A white imp (D:7)
  An ufetubus (D:5)
  2 dart slugs
  84 orcs
  4 endoplasms
  A giant cockroach (D:1)
  9 goblins
  17 hobgoblins
  6 jackals
  A quokka (D:1)
  4 ball pythons
  A bat (D:3)
  A frilled lizard (D:2)
  8 kobolds
  4 rats
  A tentacle (Shoals:4)
1210 creatures vanquished.

Vanquished Creatures (others)
  An ironbound preserver (Vaults:4)
  An arcanist (D:10)
  A black mamba (Snake:4)
  An orc (Orc:2)
  83 blazeheart cores
  5 snaplasher vines
  3 spectral weapons
  2 tentacles (Shoals:4)
97 creatures vanquished.

Grand Total: 1464 creatures vanquished

Notes
Turn   | Place    | Note
-------+----------+-------------------------------------------
     0 | D:1      | Gabide the Demigod Summoner began the quest for the Orb.
     0 | D:1      | Reached XP level 1. HP: 14/14 MP: 5/5
   527 | D:1      | Reached XP level 2. HP: 20/20 MP: 4/7
   530 | D:1      | Learned a level 2 spell: Call Imp
  1000 | D:2      | Reached XP level 3. HP: 22/27 MP: 3/8
  1248 | D:2      | Noticed Sigmund
  1293 | D:3      | Killed Sigmund
  1294 | D:3      | Reached skill level 1 in Fighting
  1294 | D:3      | Reached skill level 4 in Summonings
  1294 | D:3      | Reached XP level 4. HP: 20/35 MP: 2/11
  1294 | D:3      | Reached XP level 5. HP: 24/40 MP: 2/12
  1917 | D:3      | Learned a level 3 spell: Call Canine Familiar
  2164 | D:3      | Noticed Ijyb
  2205 | D:3      | Killed Ijyb
  3117 | D:4      | Reached XP level 6. HP: 48/48 MP: 9/13
  3350 | D:4      | Found a staircase to the Ecumenical Temple.
  3353 | D:4      | You fall into a shaft and drop 2 floors!
  3453 | D:6      | Noticed a water moccasin
  3463 | D:6      | Killed a water moccasin
  3464 | D:6      | Reached skill level 5 in Summonings
  3608 | D:6      | Reached XP level 7. HP: 56/56 MP: 16/16
  3938 | D:5      | Entered Level 5 of the Dungeon
  4143 | D:5      | Reached skill level 6 in Summonings
  4971 | D:4      | Reached skill level 5 in Spellcasting
  5397 | D:4      | Noticed Robin
  5409 | D:4      | Killed Robin
  5410 | D:4      | Reached XP level 8. HP: 45/63 MP: 11/19
  5951 | D:4      | Noticed Pikel
  5970 | D:4      | Killed Pikel
  5971 | D:4      | Reached skill level 7 in Summonings
  6573 | D:7      | Reached skill level 8 in Summonings
  7204 | D:7      | Reached skill level 9 in Summonings
  7206 | D:7      | Reached XP level 9. HP: 61/69 MP: 19/21
  7895 | D:7      | Learned a level 4 spell: Summon Blazeheart Golem
  8112 | D:8      | Found a staircase to the Lair.
  9386 | D:9      | Noticed Psyche
  9398 | D:9      | Killed Psyche
  9399 | D:9      | Reached skill level 10 in Summonings
  9434 | D:9      | Found a staircase to the Orcish Mines.
  9443 | D:9      | Noticed an orange demon
  9446 | D:9      | Noticed Amaemon
  9483 | D:9      | Killed Amaemon
  9484 | D:9      | Reached XP level 10. HP: 53/80 MP: 9/25
  9603 | D:9      | Noticed Harold
  9616 | D:9      | Killed Harold
  9642 | D:9      | Reached skill level 5 in Fighting
  9822 | D:9      | Reached skill level 11 in Summonings
 10118 | D:9      | Noticed Erolcha
 10124 | D:9      | Noticed Grum
 10128 | D:9      | Killed Erolcha
 10144 | D:9      | Killed Grum
 10357 | D:9      | Identified the +1 scale mail of Hadjma {^Contam Rampage
                  | Regen+ Slay+4}
 11128 | D:10     | Entered Level 10 of the Dungeon
 11209 | D:10     | Noticed a two-headed ogre
 11237 | D:10     | Reached XP level 11. HP: 89/89 MP: 16/28
 11240 | D:10     | Killed a two-headed ogre
 11261 | D:10     | Reached skill level 12 in Summonings
 11642 | D:10     | Noticed Fannar
 11653 | D:10     | Killed Fannar
 12353 | D:11     | Learned a level 4 spell: Summon Lightning Spire
 12634 | D:11     | Noticed a centaur warrior
 12664 | D:11     | Killed a centaur warrior
 13763 | D:12     | Reached skill level 10 in Spellcasting
 13769 | D:12     | Noticed a death knight
 13780 | D:12     | Killed a death knight
 14180 | D:12     | Reached skill level 13 in Summonings
 14390 | D:13     | Noticed a centaur warrior
 14590 | D:13     | Found Hyesal's Pet Rocks.
 14608 | D:13     | Reached XP level 12. HP: 87/100 MP: 23/30
 14779 | D:13     | Found Wythruca's Magic Scroll Boutique.
 14787 | D:13     | Bought a scroll of teleportation for 54 gold pieces
 14787 | D:13     | Bought a scroll of identify for 36 gold pieces
 14787 | D:13     | Bought a scroll of immolation for 72 gold pieces
 15082 | D:13     | Killed a centaur warrior
 15179 | D:13     | Reached skill level 5 in Dodging
 15509 | D:14     | Noticed a centaur warrior
 15525 | D:14     | Killed a centaur warrior
 15635 | D:14     | Noticed a fire dragon
 15649 | D:14     | Killed a fire dragon
 15717 | D:14     | Found a runed translucent gate.
 15718 | D:14     | Found a runed translucent gate.
 15719 | D:14     | Found a runed translucent gate.
 16125 | D:14     | Noticed a centaur warrior
 16139 | D:14     | Killed a centaur warrior
 16453 | D:14     | Found a gate to the Vaults.
 16713 | D:15     | Entered Level 15 of the Dungeon
 16955 | D:15     | Noticed a catoblepas
 16966 | D:15     | Killed a catoblepas
 17057 | D:15     | Noticed an ogre mage
 17059 | D:15     | Noticed a centaur warrior
 17063 | D:15     | Reached skill level 14 in Summonings
 17068 | D:15     | Killed an ogre mage
 17070 | D:15     | Killed a centaur warrior
 17342 | D:15     | Learned a level 4 spell: Martyr's Knell
 17413 | D:15     | Noticed Louise
 17422 | D:15     | Noticed a catoblepas
 17425 | D:15     | Killed Louise
 17426 | D:15     | Reached XP level 13. HP: 92/107 MP: 22/33
 18454 | Lair:1   | Entered Level 1 of the Lair of Beasts
 19642 | Lair:1   | Reached skill level 15 in Summonings
 20640 | Lair:2   | Found a staircase to the Snake Pit.
 20665 | Lair:2   | Noticed Sonja
 20672 | Lair:2   | Killed Sonja
 21936 | Lair:3   | Reached XP level 14. HP: 104/118 MP: 25/35
 23057 | Lair:3   | Found a staircase to the Shoals.
 24333 | Lair:4   | Reached skill level 16 in Summonings
 24433 | Lair:4   | Found a staircase to the Slime Pits.
 24451 | Lair:4   | Noticed Nessos
 24467 | Lair:4   | Killed Nessos
 24578 | Lair:4   | You fall into a shaft and drop 1 floor!
 24578 | Lair:5   | Entered Level 5 of the Lair of Beasts
 24698 | Lair:5   | Reached skill level 10 in Fighting
 25350 | Lair:4   | Identified the +5 rapier "Xer Woph" {spect, Int+6 Dex+2}
 27572 | D:15     | Found a staircase to the Depths.
 28231 | Orc:1    | Entered Level 1 of the Orcish Mines
 28282 | Orc:1    | Noticed Erica
 28294 | Orc:1    | Killed Erica
 28394 | Orc:1    | Reached XP level 15. HP: 77/127 MP: 25/38
 29014 | Orc:2    | Entered Level 2 of the Orcish Mines
 29074 | Orc:2    | Found a staircase to the Elven Halls.
 29695 | Orc:2    | Found Vuirgh Mufasm's Antique Armour Shop.
 30065 | Orc:2    | Found Neaphir's Assorted Antiques.
 30080 | Orc:2    | Reached skill level 17 in Summonings
 30225 | Orc:2    | Found Rupsec's Book Boutique.
 30407 | Orc:2    | Bought a Fen Folio for 420 gold pieces
 30413 | Orc:2    | Learned a level 5 spell: Summon Forest
 30421 | Orc:2    | Learned a level 7 spell: Summon Hydra
 30421 | Orc:2    | Bought a book of Death for 440 gold pieces
 31361 | Shoals:1 | Entered Level 1 of the Shoals
 31766 | Shoals:1 | Found a flickering gateway to a bazaar.
 31786 | Bazaar   | Entered a bazaar
 31892 | Bazaar   | Found Eboexim's Antique Weapon Shoppe.
 31893 | Bazaar   | Found Ycko's Weapon Shop.
 31930 | Bazaar   | Found Hakesall's Antique Weapon Emporium.
 31938 | Bazaar   | Found Wiav's Jewellery Boutique.
 31999 | Bazaar   | Bought a ring of wizardry for 300 gold pieces
 32011 | Bazaar   | Learned a level 7 spell: Haunt
 33363 | Shoals:1 | Identified the +1 whip of Untruth {flame, +Blink}
 35075 | Shoals:2 | Got Ticax's Incunable of Injurious Production
 35091 | Shoals:2 | Reached skill level 15 in Spellcasting
 35838 | Shoals:3 | Reached XP level 16. HP: 138/138 MP: 20/40
 35841 | Shoals:3 | Reached skill level 18 in Summonings
 37771 | Shoals:4 | Entered Level 4 of the Shoals
 40923 | Shoals:4 | Noticed a kraken
 40930 | Shoals:4 | Killed a kraken
 41052 | Shoals:4 | Got a barnacled rune of Zot
 41292 | Snake:1  | Entered Level 1 of the Snake Pit
 43525 | Snake:2  | Reached skill level 10 in Dodging
 43541 | Snake:2  | Noticed Vashnia
 43831 | Snake:1  | Reached XP level 17. HP: 148/148 MP: 28/42
 43899 | Snake:2  | Reached skill level 19 in Summonings
 43969 | Snake:1  | Killed Vashnia
 44330 | Snake:2  | Identified the serpent talisman of the Boiling Point {rN+
                  | Int+5 Slay-3 Stlth+}
 44330 | Snake:2  | Noticed Aizul
 44339 | Snake:2  | Killed Aizul
 44498 | Snake:2  | Noticed Frances
 44903 | Snake:2  | Killed Frances
 45354 | Snake:2  | Found Deutecwabba's Superior Scales.
 45669 | Snake:2  | Learned a level 9 spell: Dragon's Call
 46397 | Snake:3  | Gained mutation: You have hidden genetic defects.
                  | [mutagenic glow]
 46405 | Snake:3  | Gained mutation: Your health recovers twice as slowly from
                  | being drained. [mutagenic glow]
 47224 | Snake:3  | Identified the +0 plate armour of Puzow {Rampage rC- Str+6}
 47237 | Snake:3  | Found Pavinyppoi's Magic Scroll Shoppe.
 47244 | Snake:3  | Found Kyheykko's Assorted Antiques.
 47247 | Snake:3  | Found Alageis's Jewellery Shoppe.
 47251 | Snake:3  | Bought a scroll of fog for 160 gold pieces
 47258 | Snake:3  | Bought a ring of willpower for 300 gold pieces
 47685 | Snake:3  | Bought a scroll of fog for 60 gold pieces
 47685 | Snake:3  | Bought a scroll of fear for 60 gold pieces
 47685 | Snake:3  | Bought a scroll of butterflies for 60 gold pieces
 48095 | Snake:3  | Identified the +5 kite shield "Akhelurr" {rPois Str+6}
 48095 | Snake:3  | Noticed Asterion
 48101 | Snake:3  | Killed Asterion
 48481 | Snake:4  | Entered Level 4 of the Snake Pit
 48611 | Snake:4  | Noticed Nikola
 48617 | Snake:4  | Killed Nikola
 48638 | Snake:3  | Gained mutation: Your body sometimes deteriorates upon
                  | taking damage. [hidden defects]
 48785 | Snake:3  | Lost mutation: Your body sometimes deteriorates upon taking
                  | damage. [potion of mutation]
 48785 | Snake:3  | Lost mutation: You have hidden genetic defects. [potion of
                  | mutation]
 48785 | Snake:3  | Gained mutation: You expend magic power (3 MP) to
                  | strengthen your wands. [potion of mutation]
 48786 | Snake:3  | Lost mutation: You expend magic power (3 MP) to strengthen
                  | your wands. [potion of mutation]
 48786 | Snake:3  | Lost mutation: Your health recovers twice as slowly from
                  | being drained. [potion of mutation]
 48786 | Snake:3  | Gained mutation: Your spells are a little harder to cast,
                  | but a little more powerful. [potion of mutation]
 48786 | Snake:3  | Gained mutation: You occasionally shout uncontrollably at
                  | your foes. [potion of mutation]
 48786 | Snake:3  | Gained mutation: You have sharp toenails. [potion of
                  | mutation]
 49570 | Snake:4  | Found Ozagut's Weapon Boutique.
 50496 | Snake:4  | Reached XP level 18. HP: 158/158 MP: 30/45
 50523 | Snake:4  | Reached skill level 20 in Summonings
 50713 | Snake:4  | Got a serpentine rune of Zot
 51409 | Orc:2    | Bought a potion of curing for 84 gold pieces
 51572 | D:13     | Bought a wand of digging (8) for 470 gold pieces
 51599 | D:13     | Bought a scroll of revelation for 135 gold pieces
 51669 | Vaults:1 | Entered Level 1 of the Vaults
 52250 | Vaults:1 | Found Deonom's Distillery.
 52259 | Vaults:1 | Bought a potion of curing for 42 gold pieces
 52259 | Vaults:1 | Bought a potion of curing for 42 gold pieces
 53600 | Vaults:2 | Found Fiasam's Armour Shop.
 53942 | Vaults:2 | Identified the +1 orcbow "Fammi" {drain, Int+4}
 55218 | Vaults:2 | Identified the +0 chain mail "Hipeqov" {^Contam rPois
                  | Int+3}
 55807 | Vaults:3 | Found a runed translucent door.
 57023 | Vaults:3 | Reached skill level 21 in Summonings
 57190 | Vaults:3 | Reached XP level 19. HP: 159/168 MP: 23/47
 57466 | Vaults:3 | Paralysed by a formless jellyfish for 1 turns
 57576 | Vaults:3 | Found a staircase to the Crypt.
 58069 | Vaults:3 | Reached skill level 15 in Fighting
 58279 | Vaults:4 | Paralysed by a formless jellyfish for 1 turns
 59146 | Vaults:4 | Identified the +1 robe of the Slorg {Rampage rF+ Int+2}
 59168 | Vaults:4 | Identified the +0 robe "Asaixauh" {Str+2}
 59233 | Vaults:4 | Identified the +0 hat "Lekhla" {Rampage Fly rElec Stlth-}
 60410 | Vaults:4 | Learned a level 5 spell: Yara's Violent Unravelling
 60423 | Vaults:5 | Entered Level 5 of the Vaults
 61002 | Elf:1    | Entered Level 1 of the Elven Halls
 61731 | Elf:1    | Identified the +4 dagger of Tilemygy {distort, SInv}
 62147 | Elf:1    | Got Asalig's Information on Conjuration and Turbulence
 62186 | Elf:1    | Paralysed by an air elemental for 1 turns
 62434 | Elf:1    | You fall into a shaft and drop 1 floor!
 62472 | Elf:2    | HP: 5/170 [+4 halberd of freezing (14)]
 62472 | Elf:2    | HP: 2/170 [+4 halberd of freezing (3)]
 62472 | Elf:2    | Mangled by a +3 trident of venom

Illustrated notes

Levels and vault maps discovered:
D:1:      dpeg_arrival_round_b, layout_basic
D:2:      layout_rooms, nicolae_concentric_dashed_squares_mild,
          minmay_misc_feat_roman, minmay_pentomino_x2, uniq_sigmund,
          uniq_crazy_yiuf_cottage
D:3:      layout_loops_ring, fedhas_altar_4, uniq_ijyb
D:4:      layout_gridville, minmay_temple_entry_tees, abandoned_shop,
          uniq_robin, uniq_pikel
D:5:      layout_basic, solitary_fountain
D:6:      layout_loops_ring, kennysheep_mini, minmay_misc_feat_tower
D:7:      layout_rooms, minmay_misc_feat_square, lemuel_flamethrower_2
D:8:      layout_loops_corners, lair_entry_dummy, dk_noncrumbling_4,
          chequers_avenue
D:9:      nicolae_cairo_tiling, layout_basic, jmf_multi_god_temple2,
          vehumet_altar_wand_db, kennysheep_mini_moat, uniq_erolcha,
          uniq_harold, uniq_psyche, uniq_grum, uniq_amaemon
D:10:     layout_basic, gammafunk_temple_overflow_pools, trog_wizard,
          led_sif_pool, uniq_fannar
D:11:     layout_basic, grunt_decor_mini_mirrors, nicolae_uskayaw_dance_hall
D:12:     layout_basic
D:13:     layout_long_grid, serial_shops, nicolae_shop_hallway_plus,
          guppyfry_shop_earth
D:14:     layout_gridville, david_vaults_4,
          ploomutoo_gammafunk_ghost_potion_laboratory, serial_park_tiny_pond
D:15:     gammafunk_depths_entry_grave, layout_cave_pods,
          nicolae_tso_swordbearing_angel, hangedman_decor_growths,
          trog_hazing_becter, uniq_louise
Lair:1:   layout_gridlike, beast_lair_carwin_2, infiniplex_staircase_pool_2,
          grunt_megastairs_3
Lair:2:   layout_regular_city, guppyfry_snake_entry_island, grunt_megastairs_1,
          uniq_sonja
Lair:3:   kb_forest_paths, layout_small_grid, minmay_shoals_entry_lonely_mermaid
Lair:4:   layout_long_grid, slime_entry_1, serial_bayou_shore_b, uniq_nessos
Lair:5:   grunt_lair_end_beastmaster, layout_layer_cave, serial_bayou_shore_b
Shoals:1: layout_shoals, serial_shops, bzr_entry_customers,
          nicolae_shoals_goliath_grotto
Shoals:2: layout_shoals
Shoals:3: layout_shoals, nicolae_shoals_stone_sculpture_thing,
          nicolae_shoals_dead_sea_scrolls
Shoals:4: shoals_end_hangedman, layout_shoals, kb_tengu_band
Snake:1:  layout_concentric_octagons
Snake:2:  layout_basic, basic_altar, hellmonk_scale_shop, uniq_frances,
          uniq_aizul, uniq_vashnia
Snake:3:  layout_onion, st_stairs_13, nicolae_snake_serpentine_bazaar,
          uniq_asterion
Snake:4:  snake_pit, layout_cave_town, minmay_shop_star, uniq_nikola
Orc:1:    cheibrodos_orc_bank, layout_diamond_mine, mines2_david, uniq_erica
Orc:2:    st_orc_town, layout_caves
Elf:1:    layout_loops_ring, kennysheep_underground_church,
          minmay_checkered_concentric_circles
Elf:2:    nicolae_elf_blades_splatter_lattice [nicolae_blade_little_rooms],
          layout_geoelf_octagon, serial_shops, nicolae_shop_peninsula,
          ebering_ghost_rock_garden, ebering_dispersal_statue_hall,
          nicolae_elf_glass_and_crystal_pillar_2, lemuel_upstairs_altar
Vaults:1: nicolae_vaults_twisting_passages, ontoclasm_vaults_pinch,
          nicolae_vaults_offset_grid_hallway_1, ontoclasm_vaults_shuriken,
          nicolae_vaults_shipping_containers_4, nicolae_vaults_sesquioval_fish,
          nicolae_vaults_tetromino_T_1, nicolae_vaults_trapezoid_lopsided_1,
          layout_vaults_omnigrid, serial_shops, nicolae_shop_tiny_glass
Vaults:2: v_misc_2, v_misc_2, nicolae_vaults_cochlea,
          vaults_standard_mumra_enter_the_diamond, grunt_vaults_trifunnel,
          v_misc_15, nicolae_vaults_little_squares_5,
          vaults_room_hangedman_quadrants, ontoclasm_vaults_bender,
          ontoclasm_vaults_ligature, nicolae_vaults_tetromino_T_1,
          layout_vaults_maze_snakey, serial_shops, shop
Vaults:3: minmay_crypt_entry_necro_gods, nicolae_vaults_oozy_zoo,
          nicolae_vaults_closet_pinwheel_4, nicolae_vaults_specimen_jars,
          hangedman_vaults_variations, v_misc_33, hangedman_vaults_snaps,
          ontoclasm_vaults_claustrophobia, nicolae_vaults_house_3,
          nicolae_vaults_closet_pinwheel_1, hangedman_vaults_river_flow,
          layout_vaults_omnibox
Vaults:4: nicolae_vaults_shelves_hall, grunt_tower_of_power, vaults_room_fours,
          v_misc_9, vaults_dpeg_diagonal, nicolae_vaults_tetromino_L_1,
          hangedman_vaults_cutoff, nicolae_vaults_heart-shaped_vault,
          nicolae_vaults_asterisk, nicolae_vaults_ring_of_whatevers,
          hangedman_vaults_stagger, nicolae_vaults_gold_heap,
          ontoclasm_vaults_ring_small, nicolae_vaults_three_branches,
          nicolae_vaults_diagonal_hallway_7, nicolae_vaults_tetromino_T_1,
          nicolae_vaults_tetromino_Z_1, layout_vaults_ring
Vaults:5

Skill      XL: |  1  2  3  4  5  6  7  8  9 10 11 12 13 14 15 16 17 18 19 |
---------------+----------------------------------------------------------+-----
Dodging        | 2 3 4 6 8 9 10 11 12 | 12.7
Spellcasting   | 2 3 4 5 6 7 9 10 11 12 13 15 16 17 18 | 18.8
Stealth        | 2 3 |  3.0
Fighting       | 1 2 3 4 6 7 8 9 10 11 12 13 14 15 | 15.5
Summonings     | 4 5 6 9 10 11 13 14 15 16 17 18 19 21 | 21.7

Action                     |  1- 3 |  4- 6 |  7- 9 | 10-12 | 13-15 | 16-18 | 19-21 || total
---------------------------+-------+-------+-------+-------+-------+-------+-------++-------
  Melee: Dagger            |    17 |    13 |       |       |       |       |       ||    30
         Unarmed           |     4 |       |       |       |       |     3 |       ||     7
         Trident           |       |    12 |   143 |       |     6 |       |       ||   161
         Short sword       |       |       |     3 |    94 |    15 |       |       ||   112
         Punch             |       |       |       |     1 |     3 |     2 |       ||     6
         Staff             |       |       |       |    10 |    54 |     1 |       ||    65
         Rapier            |       |       |       |       |    81 |    64 |    38 ||   183
  Throw: Dart              |       |       |       |     2 |       |       |       ||     2
         Throwing net      |       |       |       |       |       |     3 |       ||     3
   Cast: Summon Small Mamm |    30 |    24 |    64 |    17 |    18 |     2 |       ||   155
         Call Imp          |    15 |    12 |    36 |    12 |    19 |     1 |       ||    95
         Call Canine Famil |       |    16 |    37 |    15 |    32 |     2 |       ||   102
         Summon Blazeheart |       |       |    13 |   104 |    35 |       |       ||   152
         Summon Lightning  |       |       |       |    25 |   194 |       |       ||   219
         Martyr's Knell    |       |       |       |     1 |   101 |    19 |     4 ||   125
         Summon Hydra      |       |       |       |       |    82 |   257 |    12 ||   351
         Haunt             |       |       |       |       |    25 |    97 |     3 ||   125
         Summon Forest     |       |       |       |       |     8 |    12 |       ||    20
         Dragon's Call     |       |       |       |       |       |    52 |    35 ||    87
  Evoke: Wand              |       |       |     2 |       |     4 |     4 |       ||    10
    Use: Scroll            |     3 |     6 |     8 |     9 |    10 |     7 |     3 ||    46
         Potion            |     2 |       |     3 |     4 |     4 |    20 |     7 ||    40
   Stab: Distracted        |       |     1 |     4 |       |     9 |       |       ||    14
         Sleeping          |       |       |     2 |       |       |       |       ||     2
         Paralysed         |       |       |       |       |     8 |       |       ||     8
         Confused          |       |       |       |       |       |     1 |       ||     1
 Armour: Robe              |    30 |    17 |   124 |   207 |   355 |   382 |    92 ||  1207
  Dodge: Dodged            |    11 |    19 |    99 |   131 |   266 |   319 |   101 ||   946
